 Dungeon Crawl Stone Soup version 0.23-a0-119-ga86c9e7 (webtiles) character file.

25457 Amnesiac the Nimble (level 12, 0/92 HPs)
             Began as a Mummy Air Elementalist on Aug 24, 2018.
             Was a High Priest of Dithmenos.
             Shot with an arrow by Nessos (21 damage)
             ... on level 13 of the Dungeon.
             The game lasted 00:48:06 (21196 turns).

Amnesiac the Nimble (Mummy Air Elementalist)       Turns: 21196, Time: 00:48:07

Health: 0/92       AC:  4    Str: 11    XL:     12   Next: 89%
Magic:  4/24       EV: 31    Int: 23    God:    Dithmenos [*****.]
Gold:   1021       SH:  5    Dex: 12    Spells: 17/27 levels left

rFire    . . .     SeeInvis .   a - +6 flail of Charity {flame, Int+3}
rCold    . . .     Gourm    .   j - +0 buckler
rNeg     + + +     Faith    .   i - +0 leather armour of the Big Bang {+Fly Regen+}
rPois    ∞         Spirit   .   r - +0 helmet
rElec    .         Reflect  .   w - scarf {repulsion}
rCorr    .         Harm     .   (no gloves)
MR       +....                  (no boots)
Stlth    ++........             B - amulet of the acrobat
HPRegen  0.65/turn              D - ring of fire
MPRegen  0.19/turn              b - ring of flight

@: about to teleport, wreathed by umbra, repel missiles
A: no food or potions, fire vulnerability, cold resistance 1, negative energy
resistance 3, torment resistance, unbreathing
a: Shadow Step, Shadow Form, Renounce Religion, Evoke Flight


You were on level 13 of the Dungeon.
You worshipped Dithmenos.
Dithmenos was extremely pleased with you.
You were not hungry.

You visited 2 branches of the dungeon, and saw 14 of its levels.
You also visited: Ossuary and Bailey.

You collected 1021 gold pieces.

Inventory:

Hand Weapons
 a - the +6 flail of Charity (weapon) {flame, Int+3}
   (You found it on level 9 of the Dungeon)

   It has been specially enchanted to burn those struck by it, causing extra
   injury to most foes and up to half again as much damage against particularly
   susceptible opponents.
   It affects your intelligence (+3).
 m - a +5 whip of electrocution
 x - a +0 dagger of distortion
 E - a +2 scimitar of flaming
 H - a +0 blowgun
Missiles
 I - 4 poisoned needles
Armour
 i - the +0 leather armour of the Big Bang (worn) {+Fly Regen+}
   (You found it on level 5 of the Dungeon)

   It lets you fly.
   It increases your rate of regeneration.
 j - a +0 buckler (worn)
 r - a +0 helmet (worn)
 w - a scarf of repulsion (worn)
Jewellery
 b - a ring of flight (right hand)
 y - an uncursed ring of fire
 B - an amulet of the acrobat (around neck)
 D - a ring of fire (left hand)
Wands
 c - a wand of flame (19)
 e - a wand of iceblast (9)
 o - a wand of paralysis (26)
 p - a wand of scattershot (4)
 t - a wand of disintegration (8)
 A - a wand of enslavement (9)
Scrolls
 d - 4 scrolls of blinking {!r}
 f - 8 scrolls of fear {!r}
 g - 3 scrolls of remove curse {!r}
 h - a scroll of vulnerability {!r}
 k - 2 scrolls of enchant weapon {!r}
 l - 4 scrolls of enchant armour {!r}
 n - 4 scrolls of teleportation {!r}
 q - 3 scrolls of immolation {!r}
 s - 3 scrolls of fog {!r}
 u - a scroll of torment {!r}
 v - a scroll of magic mapping {!r}
 z - 2 scrolls of identify {!r}
 C - 3 scrolls of amnesia {!r}
 G - a scroll of summoning {!r}
Miscellaneous
 F - a crystal ball of energy
 J - a box of beasts


   Skills:
 + Level 8.1 Fighting
 * Level 9.8 Dodging
 - Level 1.5 Stealth
 - Level 4.1 Shields
 - Level 8.0 Spellcasting
 - Level 8.0 Conjurations
 - Level 8.0 Air Magic
 - Level 4.0 Invocations
 - Level 5.0 Evocations


You had 17 spell levels left.
You knew the following spells:

 Your Spells              Type           Power        Failure   Level  Hunger
a - Airstrike             Air            #####.....   3%          4    N/A
d - Lightning Bolt        Conj/Air       #####.....   10%         5    N/A
e - Shock                 Conj/Air       ####         1%          1    N/A

Your spell library contained the following spells:

 Spells                   Type           Power        Failure   Level  Hunger
 Sting                    Conj/Pois      ####         1%          1    N/A
 Static Discharge         Conj/Air       #####...     1%          3    N/A
 Poisonous Vapours        Pois/Air       ####..       2%          2    N/A
 Swiftness                Chrm/Air       ####....     2%          2    N/A
 Mephitic Cloud           Conj/Pois/Air  ####....     3%          3    N/A
 Stone Arrow              Conj/Erth      ####..       5%          3    N/A
 Corpse Rot               Necr           N/A          14%         2    N/A
 Sticks to Snakes         Tmut           #.......     14%         2    N/A
 Venom Bolt               Conj/Pois      ####......   43%         5    N/A
 Leda's Liquefaction      Hex/Erth       #.........   65%         4    N/A
 Olgreb's Toxic Radiance  Pois           #.......     65%         4    N/A
 Summon Forest            Summ/Tloc      #.........   94%         5    N/A
 Summon Hydra             Summ           #.........   100%        7    N/A
 Beastly Appendage        Tmut           Unusable     N/A         1    N/A
 Spider Form              Tmut/Pois      Unusable     N/A         3    N/A
 Ice Form                 Ice/Tmut       Unusable     N/A         4    N/A
 Blade Hands              Tmut           Unusable     N/A         5    N/A
 Hydra Form               Tmut           Unusable     N/A         6    N/A

Dungeon Overview and Level Annotations

Branches:
Dungeon (13/15)            Temple (1/1) D:6            Lair (0/6) D:9
    Orc (0/2) D:11
 Vaults: D:13-14

Altars:
Ashenzari
Cheibriados
Dithmenos
Elyvilon
Fedhas
Gozag
Hepliaklqana
Kikubaaqudgha
Makhleb
Nemelex Xobeh
Okawaru
Qazlal
Ru
Sif Muna
Trog
Uskayaw
Vehumet
Wu Jian
Xom
Yredelemnul
Zin
The Shining One

Shops:
D:4 =   D:5 *   D:13 !?

Annotations:
D:13 Nessos


Innate Abilities, Weirdness & Mutations

You do not eat or drink.
Your flesh is vulnerable to fire.
You are immune to poison.
Your flesh is cold resistant. (rC+)
You are immune to negative energy. (rN+++)
You are immune to unholy pain and torment.
You can survive without breathing.


Message History

Dithmenos accepts your kill. The skeletal warrior barely misses you.
A skeletal warrior comes into view. It is wielding a flail of pain.
Nessos the Markscentaur comes into view.
Nessos shouts!
Nessos wields a runed longbow.
It bursts into flame!
Nessos shoots an arrow.
The arrow is repelled.
You see here an arrow.
Nessos shoots an arrow.
The arrow is repelled.
Things that are here:
an arrow; 18 gold pieces The skeletal warrior hits you with a flail of pain!!
Nessos casts a spell.
Nessos seems to speed up.
You hear a shout!
Okay, then.
Nessos blinks!
Casting: Lightning Bolt (slightly dangerous; 10% risk of failure)
Confirm with . or Enter, or press ? or * to list all spells.
Aiming: Lightning Bolt (slightly dangerous; 10% risk of failure)
Press: ? - help, Shift-Dir - straight line You hear a mighty clap of thunder!
The bolt of lightning hits the skeletal warrior.
The skeletal warrior appears unharmed.
The bolt of lightning hits Nessos.
Nessos is lightly wounded.
The bolt of lightning hits Nessos.
Nessos is heavily wounded.
You hear a roar!
Unknown command.
Casting: Lightning Bolt (slightly dangerous; 10% risk of failure)
Confirm with . or Enter, or press ? or * to list all spells.
You don't have enough magic to cast that spell.
Nessos blinks!
Nessos unwields an uncursed longbow of flaming.
It stops flaming.
Nessos completely misses you. Nessos hits you!
You hit Nessos but do no damage.
Nessos is heavily wounded.
Nessos barely misses you.
Nessos blinks!
The skeletal warrior hits you with a flail of pain!
The skeletal warrior hits you from afar with a trident!
Nessos wields an uncursed longbow of flaming.
It bursts into flame!
Nessos shoots an arrow.
The arrow is repelled.
The arrow hits the skeletal warrior!!
The arrow burns the skeletal warrior!
Nessos blinks!
Nessos shoots an arrow.
You block the arrow.
You see here an arrow.
Okay, then.
Nessos shoots an arrow.
You block the arrow.
A five-headed hydra comes into view.
Found a glowing scarf.
You see here an arrow.
Really read
n - 5 scrolls of teleportation {!r}?
As you read the scroll of teleportation {!r}, it crumbles to dust.
You feel strangely unstable.
Nessos shoots an arrow.
The arrow closely misses you.
Nessos shoots an arrow.
The arrow hits you!!
* * * LOW HITPOINT WARNING * * *
The arrow burns you.
* * * LOW HITPOINT WARNING * * *
You block the skeletal warrior's attack.
The skeletal warrior closely misses you.
A skeletal warrior comes into view. It is wielding a battleaxe.
Nessos shoots an arrow.
The arrow is repelled.
Nessos shoots an arrow.
The arrow misses you.
Nessos shoots an arrow.
The arrow hits you!!
You die...

#.....c..z.......((###
#..##############..#
#.z# #..# #.(# #..#
#..# #..#
#z(########## #...
#..z(........ .c..z
#.........z.. .....
#....@.......
#.......D....
#............
#c...........
#............
#[...........
#............
#............


You could see Nessos, a five-headed hydra and 3 skeletal warriors.

Vanquished Creatures
  Erica (D:8)
  The ghost of TheNamelessOne the Basher, a journeyman HaFi of Makhleb (D:11)
  A centaur warrior (D:13)
  6 two-headed ogres
  The ghost of Oddysee the Covered, a novice GnWn of Okawaru (D:7)
  2 unseen horrors (D:13)
  The ghost of Gruud the Dealer of Despair, a novice DsNe of Kikubaaqudgha (D:8)
  The ghost of galech the Chopper, a novice MiFi of Elyvilon (D:6)
  Pikel (D:7)
  4 ugly things
  A cyclops (D:12)
  Joseph (D:7)
  3 centaur skeletons
  A tengu conjurer (D:11)
  A queen bee (D:8)
  2 hornets
  Grinder (D:3)
  Prince Ribbit (D:5)
  5 hippogriffs
  2 vampires
  2 wyverns
  2 wraiths
  The ghost of ThisFiasco the Poker, an amateur DrFi (D:3)
  3 hungry ghosts
  2 vampire mosquitoes (D:13)
  17 yaks
  The ghost of Mgcat the Sneak, an amateur MfAs (D:4)
  Menkaure (D:5)
  3 acid dragons
  A water moccasin (D:12)
  7 orc warriors
  3 black bears
  A necrophage (D:9)
  6 ice beasts
  4 phantoms
  2 slaves (D:7)
  16 centaurs
  An eye of draining (D:12)
  4 ogres
  7 bullfrogs
  2 big kobolds
  A wyvern zombie (D:6)
  5 scorpions
  A water moccasin skeleton (D:4)
  25 killer bees
  A wight (D:6)
  2 howler monkeys
  A crimson imp (D:5)
  5 centaur zombies
  4 bullfrog zombies
  2 quasits
  7 orc priests
  4 hounds
  A jelly (D:11)
  4 orc wizards
  2 bullfrog skeletons
  Natasha (thrice) (D:3)
  A gnoll shaman (D:7)
  4 iguanas
  15 mummies (Ossuary)
  Terence (D:3)
  9 worker ants
  4 hound zombies (Ossuary)
  A worker ant zombie (Ossuary)
  6 gnolls
  10 adders
  3 shadow imps
  2 oozes (D:1)
  3 adder skeletons
  2 adder zombies
  4 worms
  6 dart slugs
  6 leopard geckos
  29 orcs
  2 ball pythons
  A giant cockroach (D:2)
  18 goblins
  7 hobgoblins
  25 jackals
  3 quokkas
  9 bats
  3 frilled lizards
  A giant cockroach simulacrum (D:3)
  A giant cockroach zombie (Ossuary)
  A jackal skeleton (D:4)
  A jackal zombie (Ossuary)
  35 kobolds
  4 leopard gecko simulacra (D:3)
  A leopard gecko zombie (Ossuary)
  A quokka skeleton (D:5)
  A quokka zombie (Ossuary)
  8 rats
419 creatures vanquished.

Vanquished Creatures (others)
  5 withered plants (Ossuary)
5 creatures vanquished.

Grand Total: 424 creatures vanquished

Notes
Turn   | Place    | Note
-------+----------+-------------------------------------------
     0 | D:1      | Amnesiac the Mummy Air Elementalist began the quest for the Orb.
     0 | D:1      | Reached XP level 1. HP: 13/13 MP: 4/4
   361 | D:2      | Reached XP level 2. HP: 19/19 MP: 0/5
   840 | D:3      | Reached XP level 3. HP: 19/24 MP: 3/7
  1186 | D:3      | Reached XP level 4. HP: 12/30 MP: 4/9
  1609 | D:4      | Reached XP level 5. HP: 32/35 MP: 7/11
  1618 | D:4      | Learned a level 4 spell: Airstrike
  1624 | D:4      | Learned a level 5 spell: Lightning Bolt
  1794 | D:4      | Found a sparkling altar of Nemelex Xobeh.
  1794 | D:4      | Found a shattered altar of Ashenzari.
  1795 | D:4      | Found an opulent altar of Gozag.
  2183 | D:4      | Found Zeliusch's Jewellery Shop.
  2232 | D:5      | Entered Level 5 of the Dungeon
  2255 | D:5      | Got an encrusted leather armour
  2266 | D:5      | Identified the +0 leather armour of the Big Bang {+Fly Regen+} (You found it on level 5 of the Dungeon)
  2317 | D:5      | Reached XP level 6. HP: 38/41 MP: 13/13
  2327 | D:5      | Noticed Prince Ribbit
  2335 | D:5      | Killed Prince Ribbit
  2335 | D:5      | Reached skill level 5 in Spellcasting
  2335 | D:5      | Reached skill level 5 in Air Magic
  2459 | D:5      | Noticed an ice beast
  2469 | D:5      | Killed an ice beast
  2539 | D:5      | Found Gozag's Platinum Reserve.
  2543 | D:5      | Found an opulent altar of Gozag.
  2568 | D:5      | Reached XP level 7. HP: 26/46 MP: 6/15
  3031 | D:5      | Noticed Menkaure
  3035 | D:5      | Killed Menkaure
  3065 | D:5      | Reached XP level 8. HP: 30/52 MP: 1/18
  3683 | D:6      | Found a glowing golden altar of the Shining One.
  3902 | D:6      | Found a transporter.
  3904 | D:6      | Noticed galech's ghost (novice MiFi)
  4129 | D:6      | Found a staircase to the Ecumenical Temple.
  4226 | Temple   | Entered the Ecumenical Temple
  4257 | Temple   | Became a worshipper of Dithmenos the Shadowed
  5464 | D:3      | Noticed Terence
  5470 | D:3      | Killed Terence
  5538 | D:3      | Reached * piety under Dithmenos
  5562 | D:3      | Noticed Natasha
  5567 | D:3      | Killed Natasha
  5717 | D:3      | Reached skill level 1 in Conjurations
  5725 | D:3      | Noticed Natasha
  5728 | D:3      | Killed Natasha
  5743 | D:3      | Noticed Grinder
  5763 | D:3      | Killed Grinder
  5947 | D:3      | Noticed ThisFiasco's ghost (amateur DrFi)
  5968 | D:3      | Found a runed gate.
  5968 | D:3      | Found a runed gate.
  5968 | D:3      | Found a runed gate.
  6542 | D:4      | Reached XP level 9. HP: 57/57 MP: 1/21
  6580 | D:4      | Found a runed gate.
  6583 | D:4      | Found a runed gate.
  6584 | D:4      | Found a runed gate.
  6584 | D:4      | Noticed Mgcat's ghost (amateur MfAs)
  6713 | D:4      | Killed Mgcat's ghost
  6913 | D:6      | Found a transporter.
  7231 | D:3      | Noticed Natasha
  7234 | D:3      | Killed Natasha
  7320 | D:3      | Killed ThisFiasco's ghost
  7320 | D:3      | Reached ** piety under Dithmenos
  7320 | D:3      | Reached skill level 5 in Conjurations
  7996 | D:6      | Killed galech's ghost
  8859 | D:7      | Reached XP level 10. HP: 49/63 MP: 7/22
  9166 | D:7      | Reached skill level 1 in Shields
  9354 | D:7      | Reached *** piety under Dithmenos
  9591 | D:7      | Noticed Pikel
  9615 | D:7      | Killed Pikel
  9760 | D:7      | Found a runed gate.
  9760 | D:7      | Found a runed gate.
  9760 | D:7      | Found a runed gate.
  9766 | D:7      | Noticed Oddysee's ghost (novice GnWn)
  9967 | D:7      | Found a hazy altar of Hepliaklqana.
  9968 | D:7      | Found a basalt altar of Yredelemnul.
  9968 | D:7      | Noticed Joseph
 10144 | D:7      | Killed Joseph
 10371 | D:8      | Reached skill level 1 in Invocations
 10371 | D:8      | Reached skill level 1 in Evocations
 10487 | D:8      | Found a sand-covered staircase.
 10496 | Ossuary  | Entered an ossuary
 11225 | D:8      | Found a runed gate.
 11226 | D:8      | Found a runed gate.
 11227 | D:8      | Found a runed gate.
 11281 | D:8      | Noticed Gruud's ghost (novice DsNe)
 11425 | D:8      | Reached **** piety under Dithmenos
 11997 | D:8      | Noticed Erica
 12010 | D:8      | Killed Erica
 12010 | D:8      | Reached XP level 11. HP: 61/68 MP: 4/23
 12270 | D:8      | Killed Gruud's ghost
 12270 | D:8      | Reached skill level 1 in Fighting
 12270 | D:8      | Reached skill level 2 in Dodging
 12513 | D:9      | Got a shimmering flail
 12574 | D:9      | Found a staircase to the Lair.
 12591 | D:9      | Found a shimmering altar of Xom.
 12650 | D:9      | Found a flagged portal.
 12818 | Bailey   | Entered a bailey
 12999 | Bailey   | Identified the +6 flail of Charity {flame, Int+3} (You found it on level 9 of the Dungeon)
 13316 | Bailey   | Reached skill level 3 in Dodging
 13316 | Bailey   | Reached skill level 5 in Evocations
 13678 | Bailey   | Got a twisted flail {venom}
 13768 | D:9      | Identified the +7 flail of Terra Cotta {venom, *Rage rC++} (You took it off a hobgoblin in a bailey)
 14268 | D:9      | Found a deep blue altar of Sif Muna.
 14571 | D:10     | Entered Level 10 of the Dungeon
 15016 | D:10     | Reached skill level 4 in Dodging
 15944 | D:11     | Noticed a red ugly thing
 15957 | D:11     | Killed a red ugly thing
 15957 | D:11     | Reached skill level 5 in Dodging
 16654 | D:12     | Noticed a white ugly thing
 16658 | D:11     | Reached ***** piety under Dithmenos
 16669 | D:11     | Found a runed gate.
 16669 | D:11     | Found a runed gate.
 16669 | D:11     | Found a runed gate.
 16698 | D:11     | Reached skill level 6 in Dodging
 16829 | D:11     | Noticed a two-headed ogre
 16845 | D:11     | Killed a two-headed ogre
 16845 | D:11     | Reached skill level 5 in Fighting
 17178 | D:11     | Found a staircase to the Orcish Mines.
 17179 | D:11     | Noticed a two-headed ogre
 17206 | D:11     | Killed a two-headed ogre
 17206 | D:11     | Reached XP level 12. HP: 56/86 MP: 16/24
 17640 | D:11     | Found a white marble altar of Elyvilon.
 17671 | D:11     | Reached skill level 7 in Dodging
 17878 | D:11     | Noticed TheNamelessOne's ghost (journeyman HaFi)
 17891 | D:11     | Killed TheNamelessOne's ghost
 18115 | D:7      | Killed Oddysee's ghost
 18472 | D:12     | Noticed a two-headed ogre
 18479 | D:12     | Killed a two-headed ogre
 18591 | D:12     | Noticed a two-headed ogre
 18601 | D:12     | Reached skill level 8 in Dodging
 18689 | D:12     | Killed a two-headed ogre
 19230 | D:12     | Noticed a two-headed ogre
 19243 | D:12     | Killed a two-headed ogre
 19402 | D:12     | Found a blossoming altar of Fedhas.
 19847 | D:13     | Noticed a two-headed ogre
 19850 | D:13     | Killed a two-headed ogre
 20005 | D:13     | Reached skill level 9 in Dodging
 20278 | D:13     | Noticed a centaur warrior
 20296 | D:13     | Killed a centaur warrior
 20732 | D:13     | Found Ijob Nydgh's Distillery.
 20905 | D:13     | Found Keejujug's Magic Scroll Emporium.
 21170 | D:13     | Noticed Nessos
 21193 | D:13     | Noticed a five-headed hydra
 21196 | D:13     | Shot with an arrow by Nessos

Vault maps used:
D:1:      minmay_arrival_shattered_statue
D:2:      grunt_ministairs_15
D:3:      gammafunk_ghost_icy, kennysheep_generic_room_13, uniq_grinder,
          uniq_terence, uniq_natasha
D:4:      grunt_temple_overflow_open, serial_shops, shop,
          gammafunk_ghost_nasty_kobolds
D:5:      minmay_opposing_rooms, first_ration, nicolae_gozag_zags_fifth_avenue,
          uniq_menkaure, uniq_prince_ribbit1
D:6:      overflow_temple_1_default, minmay_temple_entry_statues,
          gammafunk_ghost_mausoleum
D:7:      gammafunk_temple_overflow_pools, ebering_ghost_rock_garden,
          uniq_pikel, uniq_joseph
D:8:      nicolae_ossuary_entry_monument, gammafunk_ghost_split, david_nohive_1,
          uniq_erica
D:9:      led_sif_pool, lemuel_coloured_pillars_altar, lair_entry_dummy,
          enter_bailey_2
D:10:     minmay_liquid_box
D:11:     ebering_ghost_rock_garden, basic_altar, st_stairs_10,
          eino_small_chamber_without_monster, minivault_20
D:12:     fedhas_altar_1
D:13:     serial_shops, shop_fountains, shop, shop_fountains, uniq_nessos
Temple:   nicolae_temple_great_sept
Ossuary:  ossuary_zaba_flooded
Bailey:   bailey_axe_4, bailey

Skill      XL: |  1  2  3  4  5  6  7  8  9 10 11 12 |
---------------+-------------------------------------+-----
Air Magic      | 3 4 5 6 8 |  8.0
Spellcasting   | 3 4 5 6 8 |  8.0
Conjurations   | 3 7 8 |  8.0
Shields        | 4 |  4.1
Invocations    | 4 |  4.0
Evocations     | 4 5 |  5.0
Fighting       | 5 8 |  8.1
Dodging        | 6 9 |  9.8
Stealth        | |  1.5

Action                   |  1- 3 |  4- 6 |  7- 9 | 10-12 || total
-------------------------+-------+-------+-------+-------++-------
Melee: Whip              |     3 |       |       |       ||     3
       Dagger            |    23 |       |       |       ||    23
       Flail             |       |       |       |    29 ||    29
       Scimitar          |       |       |       |     2 ||     2
 Fire: Longbow           |       |    50 |   242 |   152 ||   444
 Cast: Shock             |    30 |    19 |     3 |   239 ||   291
       Airstrike         |       |     8 |    93 |   254 ||   355
       Lightning Bolt    |       |       |     6 |    37 ||    43
  Use: Scroll            |       |     6 |     3 |    14 ||    23
Armor: Robe              |    12 |     4 |       |       ||    16
       Leather armour    |       |     3 |    44 |    63 ||   110
Dodge: Dodged            |    44 |    27 |   108 |   322 ||   501
       Deflected         |       |       |       |    19 ||    19
Block: Buckler           |       |       |       |    63 ||    63
       Rpst.: Scimitar   |       |       |       |     8 ||     8

Table legend:
 A = Non-vault XP
 B = Vault XP
 C = Vault XP percentage of total XP
 D = Non-vault monster count
 E = Vault monster count
 F = Vault count percentage of total count
                 A         B        C        D         E       F
            +---------+---------+-------+---------+---------+-------
      Total |   24931 |   11437 |  31.4 |     294 |     123 |  29.5
            +---------+---------+-------+---------+---------+-------
        D:1 |      82 |       0 |   0.0 |      30 |       0 |   0.0
        D:2 |      50 |       3 |   5.7 |      17 |       2 |  10.5
        D:3 |     286 |     557 |  66.1 |      31 |      10 |  24.4
        D:4 |     481 |     187 |  28.0 |      20 |      10 |  33.3
        D:5 |     588 |     603 |  50.6 |      16 |       8 |  33.3
        D:6 |     800 |    1268 |  61.3 |      11 |       6 |  35.3
        D:7 |    1333 |    1795 |  57.4 |      35 |       3 |   7.9
        D:8 |     882 |    3086 |  77.8 |       9 |      20 |  69.0
        D:9 |    1339 |       0 |   0.0 |      16 |       0 |   0.0
       D:10 |    2697 |       0 |   0.0 |      15 |       0 |   0.0
       D:11 |    4122 |    2617 |  38.8 |      26 |       6 |  18.8
       D:12 |    5598 |       0 |   0.0 |      35 |       0 |   0.0
       D:13 |    6673 |       0 |   0.0 |      33 |       0 |   0.0
    Ossuary |       0 |     814 | 100.0 |       0 |      31 | 100.0
     Bailey |       0 |     507 | 100.0 |       0 |      27 | 100.0
            +---------+---------+-------+---------+---------+-------
